 Dungeon Crawl Stone Soup version 0.27-a0-67-g4bfc8a49e1 (webtiles) character file.

Game seed: 2574472792151579146

40 Borgoz the Skirmisher (level 3, -4/31 HPs)
             Began as a Ghoul Abyssal Knight on Jan 9, 2021.
             Was an Initiate of Lugonu.
             Slain by Sigmund
             ... wielding a +0 scythe
              (7 damage)
             ... on level 2 of the Dungeon.
             The game lasted 00:01:48 (1777 turns).

Borgoz the Skirmisher (Ghoul Abyssal Knight)        Turns: 1777, Time: 00:01:49

Health: -4/31      AC:  4    Str: 15    XL:     3   Next: 50%
Magic:  3/3        EV: 11    Int:  7    God:    Lugonu [......]
Gold:   96         SH:  0    Dex:  9    Spells: 2/2 levels left

rFire    . . .     SeeInvis .     - Unarmed
rCold    + . .     Faith    .   (no shield)
rNeg     + + +     Spirit   .   a - +0 leather armour
rPois    ∞         Reflect  .   i - +0 helmet
rElec    .         Harm     .   (no cloak)
rCorr    .         Rampage  .   (no gloves)
Will     .....                  (no boots)
Stlth    ..........             (no amulet)
HPRegen  0.00/turn              (no ring)
MPRegen  0.08/turn              (no ring)

@: confused, flying
A: claws 1, cold resistance 1, negative energy resistance 3, inhibited
regeneration, torment resistance, unbreathing
a: Renounce Religion


You were on level 2 of the Dungeon.
You worshipped Lugonu.
Lugonu was noncommittal.
You visited 1 branch of the dungeon, and saw 2 of its levels.
You visited the Abyss 1 time.

You collected 96 gold pieces.

Inventory:

Armour
 a - a +0 leather armour (worn)
 i - a +0 helmet (worn)
Scrolls
 b - a scroll of random uselessness {unknown}
 c - 2 scrolls of amnesia {unknown}
 d - a scroll of magic mapping {unknown}
 e - 2 scrolls of immolation {unknown}
 f - a scroll of teleportation {unknown}
 h - a scroll of identify {unknown}
 j - a scroll of enchant armour {unknown}


   Skills:
 + Level 3.5 Fighting
 * Level 2.4 Armour
 * Level 1.7 Dodging
 + Level 2.6 Unarmed Combat
 - Level 2.0 Invocations


You had 2 spell levels left.
You didn't know any spells.
Your spell library was empty.

Dungeon Overview and Level Annotations

Branches:
Dungeon (2/15)

Altars:

Annotations:
D:2 Sigmund


Innate Abilities, Weirdness & Mutations

You thrive by killing the living.
You are immune to poison.
You have sharp fingernails.
Your flesh is cold resistant. (rC+)
You are immune to negative energy. (rN+++)
You do not regenerate when monsters are visible.
You are immune to unholy pain and torment.
You can survive without breathing.


Message History

Sigmund flickers and vanishes!
Deactivating autopickup; reactivate with Ctrl-A.
It was a potion of curing.
You feel better. Something hits you!
* * * LOW HITPOINT WARNING * * *
You barely miss something. You scratch something. Something hits you.
* * * LOW HITPOINT WARNING * * *
You miss something. Something hits you but does no damage.
You hear some strange, mumbled words.
You are confused.
You see here a puce potion.
g - a puce potion A puff of flame appears from out of thin air!
The puff of flame misses you.
It was a potion of flight.
You feel very buoyant.
You fly up into the air.
Something barely misses you. Something hits you!
You die...

##.... ##.....
##.....## #
###.......##.
#...........
#.......# #.....#
########## #..@.#
#.........
#.####.#.#
#.########
#........######.#
#......#........#
########<########
#.# #.# #### #.#
##..######### #.#


There were no monsters in sight!

Vanquished Creatures
  Jessica (D:2)
  A worm (D:2)
  2 leopard geckos
  3 bats
  A giant cockroach (D:1)
  A hobgoblin (D:1)
  A kobold (D:2)
10 creatures vanquished.

Notes
Turn   | Place    | Note
-------+----------+-------------------------------------------
     0 | Abyss:1  | Borgoz the Ghoul Abyssal Knight began the quest for the
                  | Orb.
     0 | Abyss:1  | Reached XP level 1. HP: 19/19 MP: 1/1
    40 | Abyss:1  | Noticed a large abomination
    43 | D:1      | Escaped the Abyss
    85 | D:1      | Reached skill level 1 in Dodging
  1123 | D:2      | Reached XP level 2. HP: 26/26 MP: 2/2
  1392 | D:2      | Noticed Jessica
  1399 | D:2      | Killed Jessica
  1400 | D:2      | Reached XP level 3. HP: 26/31 MP: 3/3
  1745 | D:2      | Noticed Sigmund
  1777 | D:2      | Slain by Sigmund

Illustrated notes

Levels and vault maps discovered:
D:1:      dpeg_arrival_chambers_temple_mockup, layout_basic
D:2:      layout_loops_ring, minitemple, minmay_door_square, trog_hazing_becter,
          uniq_sigmund, uniq_jessica

Skill      XL: |  1 |
---------------+----+-----
Dodging        | 1 |  1.7
Armour         | 2 |  2.4
Fighting       | |  3.5
Unarmed Combat | |  2.6
Invocations    | |  2.0

Action                   || total
-------------------------++-------
Melee: Unarmed           ||    68
Invok: Depart the Abyss  ||     1
  Use: Potion            ||     2
Armor: Leather armour    ||    21
Dodge: Dodged            ||    41

Table legend: (Time is in decaauts)
 A = Elapsed time spent in this place.
 B = Non-inter-level travel time spent in this place.
 C = Inter-level travel time spent in this place.
 D = Time resting spent in this place.
 E = Time spent auto-exploring this place.
 F = Levels seen in this place.
 G = Mean time per level.
                   A        B        C        D        E       F      G
               +--------+--------+--------+--------+--------+-----+--------+
         Total |   1774 |   1657 |    117 |     46 |   1445 |   3 |  591.3 |
       Dungeon |   1731 |   1614 |    117 |     46 |   1427 |   2 |  865.5 |
         Abyss |     43 |     43 |      0 |      0 |     18 |   1 |   43.0 |
               +--------+--------+--------+--------+--------+-----+--------+

Top non-repeatable levels by time:
     D:1: 1054 daAuts
     D:2: 677 daAuts
 Abyss:1: 43 daAuts
